 Dungeon Crawl Stone Soup version 0.32-a0-886-g41c5271027 (webtiles) character file.

Game seed: 16826633818978073292

372 ragingrage the Cudgeller (level 6, -3/47 HPs)
             Began as a Barachi Shapeshifter on Apr 2, 2024.
             Was a Priest of Lugonu.
             Slain by an ogre
             ... wielding a +0 giant club
              (8 damage)
             ... on level 4 of the Dungeon.
             The game lasted 00:04:14 (3243 turns).

ragingrage the Cudgeller (Barachi Shapeshifter)     Turns: 3243, Time: 00:04:15

Health: -3/47      AC:  5    Str: 16    XL:     6   Next: 71%
Magic:  6/6        EV: 10    Int: 10    God:    Lugonu [***...]
Gold:   158        SH:  0    Dex: 13    Spells: 5/5 levels left

rFire   . . .        b - +2 whip (drain)
rCold   + . .        (no shield)
rNeg    . . .        e - +0 ring mail
rPois   .            (helmet currently unavailable)
rElec   .            (cloak currently unavailable)
rCorr   .            (gloves currently unavailable)
SInv    .            (boots currently unavailable)
Will    .....        B - amulet of the acrobat
Stlth   +            o - ring of protection from cold
HPRegen 0.27/turn    D - ring of wizardry
MPRegen 0.10/turn

%: acrobat, wizardry (x1)
@: beast-form, unable to hop, slow
A: beast (slay +1), amphibious, slowness 1, strong legs 1, +LOS
a: Hop, Begin Untransformation, Renounce Religion, Depart the Abyss, Banish


You were on level 4 of the Dungeon.
You worshipped Lugonu.
Lugonu was most pleased with you.
You were a hulking beast.
You visited 1 branch of the dungeon, and saw 4 of its levels.

You collected 158 gold pieces.

Inventory:

Hand Weapons
 a - a +1 dagger of venom
 b - a +2 whip of draining (weapon)
 l - a +0 sling
Missiles
 x - 3 poisoned darts
Armour
 e - a +0 ring mail (worn)
 C - a +0 helmet
Jewellery
 o - a ring of protection from cold (left hand)
 B - an amulet of the acrobat (around neck)
 D - a ring of wizardry (right hand)
Talismans
 c - a beast talisman (active)
 d - a flux talisman
 j - a serpent talisman
Wands
 v - a wand of roots (7)
Scrolls
 h - 3 scrolls of teleportation {unknown}
 i - 2 scrolls of revelation {unknown}
 m - 2 scrolls of identify {unknown}
 n - a scroll of brand weapon {unknown}
 w - a scroll of noise {unknown}
 y - a scroll of immolation {unknown}
 z - a scroll of fear {unknown}
 A - a scroll of enchant weapon {unknown}
Potions
 f - a potion of curing {unknown}
 g - a potion of lignification
 k - 2 potions of resistance {unknown}
 p - a potion of degeneration {unknown}
 q - 3 potions of might {unknown}
 r - 2 potions of heal wounds {unknown}
 s - a potion of attraction {unknown}
 t - a potion of brilliance {unknown}
 u - a potion of magic {unknown}


   Skills:
 - Level 3.0 Fighting
 - Level 0.7 Short Blades
 + Level 6.1 Maces & Flails
 - Level 0.7 Ranged Weapons
 - Level 2.1 Dodging
 - Level 1.2 Stealth
 - Level 3.3 Unarmed Combat
 - Level 3.2 Shapeshifting


You had 5 spell levels left.
You didn't know any spells.
Your spell library contained the following spells:

 Spells                   Type           Power      Damage    Failure   Level
 Slow                     Hex            0%         N/A       28%         1
 Confusing Touch          Hex            0%         N/A       61%         3
 Dazzling Flash           Conj/Hex       0%         N/A       61%         3
 Mephitic Cloud           Conj/Alch/Air  0%         N/A       61%         3
 Vampiric Draining        Necr           0%         2d6       61%         3
 Curse of Agony           Necr           0%         N/A       100%        5
 Silence                  Hex/Air        0%         N/A       100%        5


Dungeon Overview and Level Annotations

Branches:
Dungeon (4/15)
 Temple: D:4-7

Altars:
Ashenzari
Elyvilon
Kikubaaqudgha
Lugonu


Innate Abilities, Weirdness & Mutations

You are a hulking beast.
Your limbs bulge with bestial killing power. (Slay +1)
You are amphibious.
You cover ground slowly.
You can hop short distances.
You have an extended range of vision and can be seen from far away.


Message History

You start resting.
You climb downwards.
The ogre hits you with a +0 giant club!!
There is a stone staircase leading up, spattered with blood here.
Unknown command.
Hop to where?
Press: ? - help, Dir - move target Boing!
Aiming: Fastroot
Press: ? - help, Shift-Dir - straight line, f - ogre
Aim: an ogre, wielding a +0 giant club The roots erupt in riotous growth!
Roots grab the ogre.
The grasping roots constrict the ogre.
You hear an angry hiss.
The ogre struggles to escape constriction.
Throw: 6 darts (poison)
Press: ? - help, Shift-Dir - straight line, f/p - ogre
Aim: an ogre, wielding a +0 giant club (lightly wounded, constricted by roots, 98% to hit)
You throw a poisoned dart. The poisoned dart hits the ogre.
The ogre is poisoned.
The grasping roots constrict the ogre!
The ogre escapes!
Throw: 5 darts (poison)
Press: ? - help, Shift-Dir - straight line, f/p - ogre
Aim: an ogre, wielding a +0 giant club (heavily wounded, poisoned, 72% to hit)
You throw a poisoned dart.
The poisoned dart barely misses the ogre.
Throw: 4 darts (poison)
Press: ? - help, Shift-Dir - straight line, f/p - ogre
Aim: an ogre, wielding a +0 giant club (severely wounded, poisoned, 72% to hit)
You throw a poisoned dart. The poisoned dart hits the ogre.
An endoplasm comes into view.
You closely miss the ogre. The ogre closely misses you.
You closely miss the ogre.
The ogre hits you with a +0 giant club!!
Ouch! That really hurt!
* * * LOW HITPOINT WARNING * * *
You hit the ogre. You drain the ogre. You closely miss the ogre.
The ogre hits you with a +0 giant club!
You die...

♣♣.......♣♣ ##......#.
♣...≈~≈...♣##.........
.....≈≈~≈≈...<(........
.....~~♣~~..........##.
......≈≈~≈≈....(....###..
...#...≈~≈...............
..##........#.(<........
##......##.O....J....
###...##..h..##..... ####
###..## #.... #### #.##


You could see an ogre (poisoned, drained) and an endoplasm.

Vanquished Creatures
  Sigmund (D:2)
  An ogre (D:4)
  Robin (D:2)
  3 gnolls (D:3)
  A shadow imp (D:3)
  2 dart slugs
  A ribbon worm (D:2)
  7 endoplasms
  2 giant cockroaches (D:2)
  11 goblins
  7 hobgoblins
  3 quokkas
  3 ball pythons
  8 bats
  11 frilled lizards
  6 kobolds
  5 rats
73 creatures vanquished.

Notes
Turn   | Place    | Note
-------+----------+-------------------------------------------
     0 | D:1      | ragingrage the Barachi Shapeshifter began the quest for the
                  | Orb.
     0 | D:1      | Reached XP level 1. HP: 15/15 MP: 1/1
   157 | D:1      | Found a faded altar of an unknown god.
   237 | D:1      | Prayed at the altar of an unknown god.
   237 | D:1      | Became a worshipper of Lugonu the Unformed
   237 | D:1      | Reached * piety under Lugonu
   278 | D:1      | Reached skill level 1 in Stealth
   278 | D:1      | Reached XP level 2. HP: 21/21 MP: 2/2
   526 | D:1      | Reached skill level 1 in Maces & Flails
   648 | D:1      | Reached XP level 3. HP: 26/26 MP: 3/3
  1007 | D:1      | Reached ** piety under Lugonu
  1009 | D:1      | Reached skill level 2 in Maces & Flails
  1400 | D:2      | Found a broken altar of Ashenzari.
  1415 | D:2      | Noticed Sigmund
  1542 | D:2      | Killed Sigmund
  1543 | D:2      | Reached skill level 4 in Maces & Flails
  1543 | D:2      | Reached XP level 4. HP: 30/35 MP: 4/4
  1543 | D:2      | Reached XP level 5. HP: 35/41 MP: 5/5
  1980 | D:3      | Reached XP level 6. HP: 40/47 MP: 6/6
  2265 | D:3      | Found a faded altar of an unknown god.
  2281 | D:3      | Reached skill level 5 in Maces & Flails
  2672 | D:3      | Noticed Robin
  2680 | D:3      | Reached *** piety under Lugonu
  2693 | D:2      | Killed Robin
  3041 | D:3      | Found an ancient bone altar of Kikubaaqudgha.
  3076 | D:4      | Found a white marble altar of Elyvilon.
  3109 | D:4      | Reached skill level 6 in Maces & Flails
  3243 | D:4      | Slain by an ogre

Illustrated notes

Levels and vault maps discovered:
D:1:      dpeg_arrival_connections, layout_basic,
          hellmonk_ecumenical_altar_inner_sanctum,
          amcnicky_mini_rare_corridor_liquid, minmay_lizard_pond
D:2:      layout_basic, basic_altar, minmay_misc_feat_secret_circle,
          minmay_tree_intersection, uniq_sigmund
D:3:      layout_basic, nicolae_overflow_ecumenical_swirl, corner_web_ring,
          uniq_robin
D:4:      layout_cave_pools, elyvilon_altar_3, minmay_temple_entry_trees,
          serial_shops, nicolae_take_the_stairs,
          amcnicky_altar_lugonu_corruption

Skill      XL: |  1  2  3  4  5  6 |
---------------+-------------------+-----
Stealth        | 1 |  1.2
Maces & Flails | 1 4 6 |  6.1
Fighting       | 3 |  3.0
Short Blades   | |  0.7
Ranged Weapons | |  0.7
Dodging        | |  2.1
Unarmed Combat | |  3.3
Shapeshifting  | |  3.2

Action                     |  1- 3 |  4- 6 || total
---------------------------+-------+-------++-------
  Melee: Dagger            |    98 |    39 ||   137
         Whip              |     3 |    40 ||    43
   Fire: Sling             |    37 |       ||    37
  Throw: Dart              |       |     3 ||     3
Ability: Hop               |     1 |     3 ||     4
  Evoke: Wand              |       |     1 ||     1
 Armour: Ring mail         |    75 |    46 ||   121
  Dodge: Dodged            |    89 |    42 ||   131

Table legend: (Time is in decaauts)
 A = Elapsed time spent in this place.
 B = Non-inter-level travel time spent in this place.
 C = Inter-level travel time spent in this place.
 D = Time resting spent in this place.
 E = Time spent auto-exploring this place.
 F = Levels seen in this place.
 G = Mean time per level.
                   A        B        C        D        E       F      G
               +--------+--------+--------+--------+--------+-----+--------+
         Total |   3728 |   3508 |    220 |    341 |   2514 |   4 |  932.0 |
       Dungeon |   3728 |   3508 |    220 |    341 |   2514 |   4 |  932.0 |
               +--------+--------+--------+--------+--------+-----+--------+

Top non-repeatable levels by time:
     D:1: 1340 daAuts
     D:3: 1247 daAuts
     D:2: 1022 daAuts
     D:4: 117 daAuts
